 Dungeon Crawl Stone Soup version 0.31.0-32-g396128a36d (webtiles) character file.

Game seed: 15149921069983454224

702 MollyMolluskus the Ruffian (level 7, -2/49 HPs)
             Began as an Octopode Fighter on Mar 29, 2024.
             Slain by a black bear (10 damage)
             ... on level 5 of the Dungeon.
             The game lasted 00:11:06 (3857 turns).

MollyMolluskus the Ruffian (Octopode Fighter)       Turns: 3857, Time: 00:11:07

Health: -2/49      AC:  1    Str: 24    XL:     7   Next: 66%
Magic:  0/7        EV: 13    Int: 10    God:
Gold:   55         SH:  4    Dex: 11    Spells: 6/6 levels left

rFire   . .          .
                       - Unarmed
rCold   . . .        a - +0 buckler
rNeg    . . .        (helmet restricted)
rPois   .            n - amulet of guardian spirit
rElec   .            l - +6 ring of strength
rCorr   .            (no ring)
SInv    .            (no ring)
Will    .....        (no ring)
Stlth   +++          (no ring)
HPRegen 0.28/turn    (no ring)
MPRegen 0.10/turn    (no ring)
                     (no ring)

%: guardian spirit
@: marked
A: almost no armour, amphibious, 8 rings, camouflage 1, gelatinous body 1,
(nimble swimmer 1), tentacles
a: no special abilities


You were on level 5 of the Dungeon.
You visited 1 branch of the dungeon, and saw 5 of its levels.

You collected 153 gold pieces.
You spent 98 gold pieces at shops.

Inventory:

Missiles
 d - 28 stones (quivered)
Armour
 a - a +0 buckler (worn)
Jewellery
 l - a +6 ring of strength (left tentacle)
 n - an amulet of guardian spirit (around mantle)
Wands
 k - a wand of flame (12)
Scrolls
 m - a scroll of summoning
 o - a scroll of immolation
Potions
 b - 2 potions of might
 c - 4 potions of lignification
 e - 2 potions of mutation
 g - 3 potions of heal wounds
 h - a potion of cancellation {unknown}
 i - a potion of enlightenment {unknown}
 j - 3 potions of curing
 p - a potion of invisibility {unknown}


   Skills:
 + Level 4.4 Fighting
 + Level 4.3 Dodging
 - Level 4.0 Stealth
 - Level 4.0 Shields
 * Level 4.9 Unarmed Combat
 + Level 2.9 Evocations


You had 6 spell levels left.
You didn't know any spells.
Your spell library contained the following spells:

 Spells                   Type           Power      Damage    Failure   Level
 Lesser Beckoning         Tloc           0%         N/A       56%         2
 Mercury Vapours          Alch/Air       0%         N/A       56%         2
 Gell's Gravitas          Tloc           0%         N/A       80%         3
 Mephitic Cloud           Conj/Alch/Air  0%         N/A       80%         3
 Teleport Other           Tloc           0%         N/A       80%         3
 Freezing Cloud           Conj/Ice/Air   0%         6-21      100%        5


Dungeon Overview and Level Annotations

Branches:
Dungeon (5/15)
 Temple: D:4-7

Altars:
Cheibriados
Gozag

Shops:
D:2 [   D:4 !


Innate Abilities, Weirdness & Mutations

You cannot wear most types of armour.
You are amphibious.
You can wear up to eight rings at the same time.
Your skin changes colour to match your surroundings (Stealth+).
Your rubbery body absorbs attacks. (AC +1, EV +1)
((You are camouflaged when in or above water. (Stealth+)))
You have tentacles for arms and can constrict up to eight enemies at once.


Message History

Aiming: Throw Flame
Press: ? - help, Shift-Dir - straight line, f/p - black bear
Aim: a black bear (heavily wounded, 79% to hit)
The puff of flame hits the black bear!
The black bear is severely wounded.
Throw: 31 stones
Press: ? - help, Q - select action, (/) - cycle Shift-Dir - straight line, f/p - black bear
Aim: a black bear (severely wounded, 62% to hit)
You throw a stone.
The stone closely misses the black bear.
The black bear goes berserk!
Throw: 30 stones
Press: ? - help, Q - select action, (/) - cycle Shift-Dir - straight line, f/p - black bear
Aim: a black bear (severely wounded, berserk, 62% to hit)
You throw a stone.
The stone hits the black bear but does no damage.
The black bear is severely wounded.
Throw: 29 stones
Press: ? - help, Q - select action, (/) - cycle Shift-Dir - straight line, f/p - black bear
Aim: a black bear (severely wounded, berserk, 62% to hit)
You throw a stone.
The stone hits the black bear but does no damage.
The black bear is severely wounded.
The black bear bites you! The black bear claws you. The black bear misses you.
You tentacle-slap the black bear but do no damage.
Your grab misses the black bear.
The black bear is severely wounded.
The black bear bites you. You block the black bear's attack.
The black bear claws you.
You tentacle-slap the black bear but do no damage.
You grab the black bear. You tentacle-slap the black bear.
The black bear is almost dead.
You constrict the black bear.
The black bear bites you but does no damage.
The black bear claws you.
* * * LOW HITPOINT WARNING * * *
The black bear claws you.
* * * LOW HITPOINT WARNING * * *
The black bear bites you!
You die...

....#...# #........
....## ......... .......
......... ......
....#.##. .... ...####
...# ....## #..#
#....##### ###.### #
##.....#.###...#@##..#.#
#.........#....h.†.....#
..................†....#
........................
........................
........................
........................
........................
........................


You could see a black bear (berserk).

Vanquished Creatures
  Sigmund (D:2)
  A black bear (D:5)
  A scorpion (D:4)
  A bombardier beetle (D:4)
  2 hounds
  Jessica (D:2)
  2 iguanas
  Robin (D:2)
  3 gnolls (D:4)
  8 adders
  A ribbon worm (D:2)
  2 dart slugs (D:4)
  9 orcs
  9 bats
  8 endoplasms
  4 giant cockroaches
  10 goblins
  10 hobgoblins
  4 jackals (D:2)
  5 kobolds
  A quokka (D:1)
  11 ball pythons
  2 frilled lizards (D:1)
  7 rats
104 creatures vanquished.

Notes
Turn   | Place    | Note
-------+----------+-------------------------------------------
     0 | D:1      | MollyMolluskus the Octopode Fighter began the quest for the
                  | Orb.
     0 | D:1      | Reached XP level 1. HP: 16/16 MP: 1/1
   283 | D:1      | Reached XP level 2. HP: 20/21 MP: 2/2
   683 | D:1      | Reached skill level 1 in Stealth
   792 | D:2      | Noticed Jessica
   801 | D:2      | Killed Jessica
   802 | D:2      | Reached XP level 3. HP: 25/26 MP: 3/3
   924 | D:2      | Reached XP level 4. HP: 25/31 MP: 4/4
  1363 | D:2      | Found Eleo's Antique Armour Shop.
  1423 | D:2      | Found an opulent altar of Gozag.
  1427 | D:2      | Noticed Robin
  1435 | D:2      | Killed Robin
  1436 | D:2      | Reached skill level 1 in Evocations
  1857 | D:2      | Noticed Sigmund
  1868 | D:2      | Killed Sigmund
  1869 | D:2      | Reached XP level 5. HP: 35/37 MP: 5/5
  1869 | D:2      | Reached XP level 6. HP: 41/43 MP: 6/6
  3025 | D:4      | Found Jygotiq's Distillery.
  3031 | D:4      | Bought a potion of degeneration for 14 gold pieces
  3031 | D:4      | Bought a potion of curing for 42 gold pieces
  3031 | D:4      | Bought a potion of lignification for 42 gold pieces
  3351 | D:4      | Reached XP level 7. HP: 48/48 MP: 7/7
  3710 | D:4      | Found a snail-covered altar of Cheibriados.
  3761 | D:5      | Entered Level 5 of the Dungeon
  3857 | D:5      | Slain by a black bear

Illustrated notes

Levels and vault maps discovered:
D:1:      dpeg_cavernosity, layout_loops_ring
D:2:      minmay_razor_zed, layout_loops_ring, serial_shops, shop, basic_altar,
          uniq_jessica, uniq_robin, uniq_sigmund
D:3:      layout_basic
D:4:      layout_basic, mainiacjoe_overflow_alcove_1, serial_shops,
          nicolae_shop_hallway_plus, lemuel_flame_loot_1
D:5:      layout_cave_pools, serial_shops, nicolae_shop_gaudy_bauble

Skill      XL: |  1  2  3  4  5  6  7 |
---------------+----------------------+-----
Stealth        | 1 2 3 4 |  4.0
Unarmed Combat | 3 4 |  4.9
Evocations     | 1 2 |  2.9
Fighting       | 4 |  4.4
Shields        | 4 |  4.0
Dodging        | 4 |  4.3

Action                     |  1- 3 |  4- 6 |  7- 9 || total
---------------------------+-------+-------+-------++-------
  Melee: Unarmed           |    59 |   119 |    27 ||   205
         Constrict         |    18 |    32 |    10 ||    60
         Tentacles         |     6 |    28 |     5 ||    39
         Punch             |     2 |     3 |     3 ||     8
  Throw: Stone             |       |     6 |     6 ||    12
  Evoke: Wand              |       |       |     7 ||     7
    Use: Scroll            |     2 |     6 |     1 ||     9
   Stab: Sleeping          |    11 |    22 |     2 ||    35
         Distracted        |     2 |       |       ||     2
 Armour: Skin              |    11 |    34 |    21 ||    66
  Dodge: Dodged            |    22 |    45 |    22 ||    89
  Block: Buckler           |    13 |    10 |     4 ||    27
